Cogmind - Beta 13 @@@ ROGUE MODE // 2024.04.19 @ 19:42:38 Player: skittytittles Result: Self-destructed Performance ------------- Evolutions (2) 1000 Regions Visited (5) 1000 Robots Destroyed (37) 185 Value Destroyed (791) 791 Prototype IDs (3) 60 Alien Tech Used (0) 0 Bonus (0) 0 TOTAL SCORE: 3036 Bonus ------- None Cogmind --------- Core Integrity 360/550 Matter 227/300 Energy 100/100 System Corruption 0% Temperature Cool (0) Movement Core (250) Ox4 Location -8/Materials Parts ------- > --- POWER (1) -------- (None) > --- PROPULSION (4) --- Wheel > --- UTILITY (4) ------ Medium Storage Unit Signal Interpreter Improved Terrain Scan Processor Advanced Targeting Computer > --- WEAPON (2) ------- Heavy Assault Rifle > --- INVENTORY (10) --- Light Ion Engine Aluminum Leg Power Shielding Hardened Medium Armor Plating Heavy Assault Rifle Peak State ------------ > --- POWER ------------ Light Ion Engine > --- PROPULSION ------- Aluminum Leg Aluminum Leg Wheel Armored Wheel > --- UTILITY ---------- Medium Storage Unit Signal Interpreter Improved Terrain Scan Processor Advanced Targeting Computer > --- WEAPON ----------- Beam Rifle Improved Medium Laser > --- INVENTORY -------- Light Ion Engine Aluminum Leg Terrain Scan Processor Power Shielding Hardened Medium Armor Plating Heavy Assault Rifle Heavy Assault Rifle Improved Assault Rifle [Rating: 20] Favorites ----------- Power Ion Engine Engine Ion Engine Propulsion Wheel Leg Aluminum Leg Wheel Wheel Utility Medium Storage Unit Storage Medium Storage Unit Processor Advanced Targeting Computer Weapon Medium Laser Energy Gun Medium Laser Ballistic Gun Autogun Launcher Grenade Launcher Build | -11 -10 -10 -9 -9 -8 ------- Run | Yrd Mat Min Mat Sto Mat Slots Evolved 4 | . . . 2 . 2 Power . | . . . . . . Propulsion 2 | . . . 2 . . Utility 2 | . . . . . 2 Weapon . | . . . . . . Parts Attached 30 | 7 . 3 2 14 4 Power 4 | 2 . . . 2 . Engine 4 | 2 . . . 2 . Core . | . . . . . . Reactor . | . . . . . . Propulsion 9 | 2 . . 1 6 . Treads . | . . . . . . Leg 4 | . . . . 4 . Wheel 5 | 2 . . 1 2 . Hover . | . . . . . . Flight . | . . . . . . Utility 6 | 1 . 2 1 . 2 Device . | . . . . . . Storage 2 | 1 . 1 . . . Processor 4 | . . 1 1 . 2 Hackware . | . . . . . . Protection . | . . . . . . Artifact . | . . . . . . Weapon 11 | 2 . 1 . 6 2 Energy Gun 5 | 1 . . . 4 . Energy Cannon . | . . . . . . Ballistic Gun 4 | 1 . . . 1 2 Ballistic Cannon . | . . . . . . Launcher 2 | . . 1 . 1 . Special Weapon . | . . . . . . Impact Weapon . | . . . . . . Slashing Weapon . | . . . . . . Piercing Weapon . | . . . . . . Special Melee Weapon . | . . . . . . Unidentified Prototypes 1 | . . . . 1 . Parts Lost 16 | . . . 4 5 7 Power 3 | . . . . 2 1 Propulsion 7 | . . . 3 1 3 Utility . | . . . . . . Weapon 6 | . . . 1 2 3 Highest Loss Streak 7 | . . . 4 4 7 To Critical Strikes . | . . . . . . Average Slot Usage (%) 86 | . 85 97 81 78 93 Engine 11 | . 14 14 11 10 7 Leg 7 | . . . . 12 13 Wheel 19 | . 28 28 27 10 16 Storage 11 | . 14 14 11 11 9 Processor 12 | . . 12 11 11 27 Energy Gun 13 | . 14 14 11 13 14 Ballistic Gun 2 | . 14 . . 2 3 Launcher 7 | . . 14 9 5 . Naked Turns . | . . . . . . Heaviest Build 21 | 14 14 20 20 21 19 Greatest Support 30 | 20 20 20 30 22 20 Greatest Overweight (x) 6 | . . . 5 6 4 Average Overweight (x) . | . . . . 1 . Largest Inventory Capacity 10 | 8 8 10 10 10 10 Average Capacity 9 | 7 8 9 10 10 10 Most Carried 10 | 4 6 10 10 10 9 Average Carried 8 | 2 4 9 9 9 6 Final Capacity 10 | 8 8 10 10 10 10 Final Carried 10 | 4 6 9 10 10 5 Class Distribution -------------------- 72% | Mutant 27% | Scavenger-Mutant Dominant Class ---------------- Mutant | -10/Materials Mutant | -10/Mines Mutant | -9/Materials Mutant | -9/Storage Scavenger-Mutant | -8/Materials Resources | -11 -10 -10 -9 -9 -8 ----------- Run | Yrd Mat Min Mat Sto Mat Matter Collected 714 | 202 . 151 39 322 . Remotely . | . . . . . . Salvage Created 1030 | . . 164 68 711 87 Parts 75 | . . 15 8 47 5 Haulers Intercepted 2 | . . . . 2 . Recyclers Shooed . | . . . . . . Parts Field Recycled . | . . . . . . Retrieved Matter . | . . . . . . Parts Self-Destructed . | . . . . . . Prevented . | . . . . . . Kills | -11 -10 -10 -9 -9 -8 ------- Run | Yrd Mat Min Mat Sto Mat Combat Hostiles Destroyed 28 | . . 5 5 16 2 Guns 15 | . . . . 13 2 AOE 13 | . . 5 5 3 . Classes Destroyed 8 | . . 3 1 4 . Worker 3 | . . . . 3 . Builder 2 | . . . . 2 . Tunneler 1 | . . 1 . . . Hauler 2 | . . . . 2 . Recycler 1 | . . . . 1 . Swarmer 14 | . . 3 4 7 . Grunt 8 | . . 2 . 4 2 Sentry 6 | . . . 1 5 . Best Kill Streak 8 | . . 3 4 8 2 Combat Bots Only 4 | . . 3 4 4 2 Max Kills in Single Turn 3 | . . 3 2 2 1 Gunslinging 1 | . . . . 1 . Exploded 3 | . . 3 2 1 . Melee . | . . . . . . Uniques/NPCs Destroyed . | . . . . . . Combat | -11 -10 -10 -9 -9 -8 -------- Run | Yrd Mat Min Mat Sto Mat Hostile Shots Fired 165 | . 1 4 14 84 62 Missed 43 | . . . 7 21 15 Damage Taken 1828 | . 12 51 418 787 560 Core 491 | . 12 . 145 144 190 Absorbed by Shields . | . . . . . . Regen/Repaired (Parts) 96 | . . . . 96 . Core Remaining (%) 74 | 100 . 95 . 27 . Volleys Fired 82 | 1 1 5 5 50 20 Largest 2 | 1 2 2 2 2 2 Hottest 112 | 50 70 80 80 112 112 Shots Fired 152 | 1 2 10 10 93 36 Gun 128 | 1 2 5 5 79 36 Cannon . | . . . . . . Launcher 24 | . . 5 5 14 . Special . | . . . . . . Kinetic 30 | . 1 . . 8 21 Thermal 98 | 1 1 5 5 71 15 Explosive 24 | . . 5 5 14 . Electromagnetic . | . . . . . . Robot Hit Streak 9 | 1 2 5 3 9 6 Robot Miss Streak 5 | . 1 2 5 5 3 Penetration Max . | . . . . . . Secondary Targets 1 | . . . . 1 . Max Gunslinging Chain 1 | . . . . 1 . Shots Hit Robots 85 | 1 1 5 4 51 23 Core Hits 59 | . . 10 7 35 7 Critical Kills . | . . . . . . Critical Parts Destroyed . | . . . . . . Critical Strikes 6 | . . . . 6 . Burn 6 | . . . . 6 . Melee Attacks . | . . . . . . Impact . | . . . . . . Slashing . | . . . . . . Piercing . | . . . . . . Sneak Attacks . | . . . . . . Combat Hostiles . | . . . . . . Follow-up Attacks . | . . . . . . Damage Inflicted 2228 | 13 13 332 231 1286 353 Guns 1202 | 13 13 39 12 772 353 Cannons . | . . . . . . Explosions 1026 | . . 293 219 514 . Melee . | . . . . . . Ramming . | . . . . . . Kinetic 221 | . . . . 57 164 Thermal 981 | 13 13 39 12 715 189 Explosive 1026 | . . 293 219 514 . Electromagnetic . | . . . . . . Impact . | . . . . . . Slashing . | . . . . . . Piercing . | . . . . . . Highest Corruption 10 | . . . 10 10 . Average Corruption 10 | . . . 10 10 . Corruption Purged . | . . . . . . Corruption Blocked . | . . . . . . Effects 27 | . . . 1 26 . Message Errors 8 | . . . 1 7 . Matter Fused 4 | . . . . 4 . Heat Flow Errors 1 | . . . . 1 . Energy Discharges 5 | . . . . 5 . Parts Fused 2 | . . . . 2 . Data Loss (minor) 3 | . . . . 3 . Misfires 2 | . . . . 2 . Alerts 2 | . . . . 2 . Overload Shots . | . . . . . . Overflow Damage 57 | . . . 31 26 . Projectiles . | . . . . . . Explosions 57 | . . . 31 26 . Melee . | . . . . . . Knockbacks . | . . . . . . Impact . | . . . . . . Kinetic . | . . . . . . Secondary . | . . . . . . Self-Inflicted Damage 128 | . . . 38 90 . Shots 6 | . . . 1 5 . Rammed . | . . . . . . Targets Rammed . | . . . . . . Kicked . | . . . . . . Crushed . | . . . . . . Highest Temperature 312 | 10 9 57 27 299 312 Average Temperature 103 | 7 6 30 14 104 171 Received Heat Transfer 432 | . 6 30 18 261 117 Effects 4 | . . . . 4 . Energy Bleed 1 | . . . . 1 . Interference 3 | . . . . 3 . Siege Activations . | . . . . . . Robots Corrupted . | . . . . . . Combat Hostiles . | . . . . . . Parts Fried . | . . . . . . Impact Corruptions . | . . . . . . Robots Melted . | . . . . . . Combat Hostiles . | . . . . . . Parts Melted 10 | . . . . 10 . Heat Transferred 2812 | 37 37 111 37 2146 444 Parts Sabotaged . | . . . . . . Parts Stolen . | . . . . . . Parts Stripped . | . . . . . . Power Chain Reactions . | . . . . . . Alert | -11 -10 -10 -9 -9 -8 ------- Run | Yrd Mat Min Mat Sto Mat Peak Influence 351 | . 15 96 184 351 173 Initial 148 | . . 5 25 65 148 Average 118 | . 3 67 95 174 150 Maximum Alert Level 1 | . . . . 1 . Low Security (%) 83 | 100 100 100 100 62 100 Level 1 16 | . . . . 37 . Level 2 . | . . . . . . Level 3 . | . . . . . . Level 4 . | . . . . . . Level 5 . | . . . . . . High Security . | . . . . . . Max Security . | . . . . . . Squads Dispatched 7 | . 2 . . 3 2 Investigation 1 | . . . . . 1 Extermination . | . . . . . . Reinforcement 4 | . 2 . . 1 1 Assault . | . . . . . . Garrison 2 | . . . . 2 . Intercept . | . . . . . . Searches Triggered . | . . . . . . Construction Impeded . | . . . . . . Haulers Reinforced . | . . . . . . Active Scanning Responses . | . . . . . . Cargo Convoy Interrupts . | . . . . . . Stealth | -11 -10 -10 -9 -9 -8 --------- Run | Yrd Mat Min Mat Sto Mat Distress Signals 2 | . . . . 2 . Communications Jammed . | . . . . . . Distress Signals . | . . . . . . Times Spotted 38 | . 2 2 7 22 5 Peak Tracking Total 5 | . 3 2 4 5 3 Tactical Retreats . | . . . . . . Traps | -11 -10 -10 -9 -9 -8 ------- Run | Yrd Mat Min Mat Sto Mat Traps Triggered 1 | . . . . 1 . Indirectly . | . . . . . . Trap Hack Attempts . | . . . . . . Triggered . | . . . . . . Disarmed . | . . . . . . Reprogrammed . | . . . . . . Reused . | . . . . . . Traps Extracted . | . . . . . . Installed . | . . . . . . Triggered . | . . . . . . Machines | -11 -10 -10 -9 -9 -8 ---------- Run | Yrd Mat Min Mat Sto Mat Machines Disabled 4 | . . . . 4 . Max in Single Turn 2 | . . . . 2 . Machines Repaired . | . . . . . . Machines Dismantled . | . . . . . . Machines Sabotaged . | . . . . . . Overloaded Fab Kills . | . . . . . . Hacking | -11 -10 -10 -9 -9 -8 --------- Run | Yrd Mat Min Mat Sto Mat Machines Accessed 7 | . 1 . . 5 1 Terminals 6 | . 1 . . 4 1 Fabricators . | . . . . . . Repair Stations 1 | . . . . 1 . Recycling Units . | . . . . . . Scanalyzers . | . . . . . . Garrison Access . | . . . . . . Total Hacks 29 | . 1 . . 25 3 Successful 15 | . . . . 14 1 Failed 14 | . 1 . . 11 2 Catastrophic 2 | . 1 . . 1 . Database Lockouts . | . . . . . . Manual 5 | . . . . 5 . Terminals 22 | . 1 . . 18 3 Fabricators . | . . . . . . Repair Stations 7 | . . . . 7 . Recycling Units . | . . . . . . Scanalyzers . | . . . . . . Garrison Access . | . . . . . . Terminal Hacks 8 | . . . . 7 1 Record 2 | . . . . 2 . Prototype ID Bank 1 | . . . . 1 . Alert Level 2 | . . . . 2 . Unreport Threat 1 | . . . . 1 . Locate Traps 1 | . . . . 1 . Zone Layout 1 | . . . . . 1 Fabricator Hacks . | . . . . . . Repair Station Hacks 7 | . . . . 7 . Scan Component 4 | . . . . 4 . Repair 3 | . . . . 3 . Recycling Unit Hacks . | . . . . . . Scanalyzer . | . . . . . . Garrison Access Hacks . | . . . . . . Unauthorized Hacks . | . . . . . . Terminals . | . . . . . . Fabricators . | . . . . . . Repair Stations . | . . . . . . Recycling Units . | . . . . . . Scanalyzers . | . . . . . . Garrison Access . | . . . . . . Data Cores Recovered . | . . . . . . Used . | . . . . . . Hacking Detections 7 | . 1 . . 5 1 Full Trace Events 1 | . . . . . 1 Feedback Events . | . . . . . . Feedback Blocked . | . . . . . . Robot Schematics Acquired . | . . . . . . Robots Built . | . . . . . . Authchips . | . . . . . . Time . | . . . . . . Total Robot Build Rating . | . . . . . . Part Schematics Acquired . | . . . . . . Parts Built . | . . . . . . Authchips . | . . . . . . Time . | . . . . . . Total Part Build Rating . | . . . . . . Parts Repaired 3 | . . . . 3 . Time 84 | . . . . 84 . Parts Recycled . | . . . . . . Recycled Matter . | . . . . . . Retrieved Matter . | . . . . . . Retrieved Components . | . . . . . . Parts Scanalyzed . | . . . . . . Part Schematics Acquired . | . . . . . . Parts Damaged . | . . . . . . Bothacking | -11 -10 -10 -9 -9 -8 ------------ Run | Yrd Mat Min Mat Sto Mat Used RIF Installer . | . . . . . . Robots Hacked . | . . . . . . Non-combat . | . . . . . . Combat . | . . . . . . Robot Hacks Applied . | . . . . . . Relay Couplers Released . | . . . . . . Fabnet Peak Effective % . | . . . . . . Robots Rewired . | . . . . . . Allies Hacked . | . . . . . . Hacks Repelled . | . . . . . . Allies | -11 -10 -10 -9 -9 -8 -------- Run | Yrd Mat Min Mat Sto Mat Total Allies . | . . . . . . Largest Group . | . . . . . . Highest-Rated Group . | . . . . . . Highest-Rated Ally . | . . . . . . Total Orders . | . . . . . . Ally Attacks . | . . . . . . Total Damage . | . . . . . . Kills . | . . . . . . Allies Corrupted . | . . . . . . Allies Melted . | . . . . . . Intel | -11 -10 -10 -9 -9 -8 ------- Run | Yrd Mat Min Mat Sto Mat Robot Analysis Total . | . . . . . . Derelict Logs Recovered 1 | . . 1 . . . Drone Launches . | . . . . . . Drone Recoveries . | . . . . . . Exploration | -11 -10 -10 -9 -9 -8 ------------- Run | Yrd Mat Min Mat Sto Mat Turns Passed 1777 | 55 114 561 87 785 175 Spaces Moved 1156 | 41 136 574 48 264 93 Core 41 | 2 . . 7 31 1 Treads . | . . . . . . Legs 318 | . . . . 226 92 Wheels 797 | 39 136 574 41 7 . Hover . | . . . . . . Flight . | . . . . . . Fastest Speed 50 | 50 80 80 80 85 120 Average Speed 107 | 78 80 80 112 178 121 Slowest Speed 350 | 80 80 80 300 350 250 Overloaded Moves . | . . . . . . Propulsion Burnouts . | . . . . . . Robots Hopped . | . . . . . . Cave-ins Triggered 1 | . . . 1 . . Exploration Rate (%) 33 | 3 29 99 7 50 13 Regions Visited 5 Branch Regions 2 Pre-discovered Areas . | . . . . . . Known Exits Taken . | . . . . . . Unknown Exits Taken 5 | 1 1 1 1 1 . Scrap Searched 2 | . . 2 . . . Spaces Dug . | . . . . . . Terrain Destroyed 136 | . . 28 40 68 . Melee . | . . . . . . Projectile . | . . . . . . AOE 136 | . . 28 40 68 . Terrain Rammed . | . . . . . . Walls Destroyed . | . . . . . . Machines Disabled . | . . . . . . Actions | -11 -10 -10 -9 -9 -8 --------- Run | Yrd Mat Min Mat Sto Mat Total 1547 | 62 138 666 73 489 119 Wait 220 | 4 . 75 15 125 1 Move 1151 | 40 135 573 47 263 93 Hop . | . . . . . . Pick Up 37 | 10 2 7 3 15 . Fast Attach 4 | . . . . 4 . Attach 22 | 6 . 2 1 9 4 Detach . | . . . . . . Swap 4 | 1 . 1 1 1 . Drop 12 | . . 3 1 7 1 Fire 82 | 1 1 5 5 50 20 Melee . | . . . . . . Ram . | . . . . . . Kick . | . . . . . . Crush . | . . . . . . Escape Stasis 15 | . . . . 15 . Rewire . | . . . . . . Trap . | . . . . . . Miscellaneous . | . . . . . . Route ------- -11/Scrapyard -10/Materials (discovered 2 exits: [*Mat] / [*Min]) -10/Mines (discovered 2 exits: [*Mat x2]) -9/Materials -9/Storage -8/Materials History --------- Turn | Location | Event 25 | -11/Scrapyard | Discovered new exit (range 15) 56 | -11/Scrapyard | Entered Materials 144 | -10/Materials | Discovered new exit (range 12) 159 | -10/Materials | Discovered new exit (range 8) 170 | -10/Materials | Entered Mines 232 | -10/Mines | Discovered new exit (range 10) 315 | -10/Mines | Build established: Mutant 464 | -10/Mines | Discovered new exit (range 11) 520 | -10/Mines | Learned Materials terminal intel 731 | -10/Mines | Entered Materials 731 | -9/Materials | Evolved 2 slots: Propulsion x2 732 | -9/Materials | Loaded intel: 12 terminal locations 736 | -9/Materials | Discovered new exit (range 16) 800 | -9/Materials | Crushed by falling debris 800 | -9/Materials | System corruption reached 10% 818 | -9/Materials | Entered Storage 831 | -9/Storage | Lost 4 parts (3n1w) 1209 | -9/Storage | Core integrity fell below 50% 1237 | -9/Storage | Lost 4 parts (1p1n2w) 1318 | -9/Storage | Discovered new exit (range 15) 1376 | -9/Storage | Repaired Signal Interpreter 1404 | -9/Storage | Repaired Aluminum Leg 1442 | -9/Storage | Repaired Hvy. Assault Rifle 1487 | -9/Storage | Garrison activated, responded to threat 1603 | -9/Storage | Entered Materials 1603 | -8/Materials | Evolved 2 slots: Utility x2 1702 | -8/Materials | Build established: Scavenger-Mutant 1778 | -8/Materials | Self-destructed Last Messages --------------- 01749_ Slug penetrates Wall. 01749_ G-47 Trooper destroyed. 01751_ Wall collapses. 01751_ K-01 Serf collects debris. 01752_ Penetrated by Slug. 01754_ K-01 Serf collects debris. 01755_ Penetrated by Slug. 01755_ Arm. Wheel destroyed. 01758_ Penetrated by Slug. 01758_ Lgt. Ion Engine destroyed. 01759_ K-01 Serf collects debris. 01761_ Slug penetrates Wall. 01762_ K-01 Serf collects debris. 01767_ Penetrated by Slug. 01769_ K-01 Serf collects debris. 01771_ Slug penetrates Wall. 01771_ Imp. Assault Rifle destroyed. 01773_ K-01 Serf collects debris. 01774_ Penetrated by Slug. 01777_ K-01 Serf collects debris. Map ----- +----------------------------------------------------+ | # """ T ###############+### + """ #?????? | | """ #???# # # """"" #?????? | | """ ##??# # # """"" ??????? | | #### # # """"" ??????? | | * + # ######## """ ???????? | | #####T#####+##### # #??????#######????????? | | #???### # # #?????????????????????? | | #?????# # + #?????????????????????? | | ??????# # # #?????????????????????? | | ??????# """ """ # # #########?????????????? | | ??????# """ """ # # # ?????????????? | | ??????# """ """ # # # """""?????????????? | | ??????# # # # """""?????????????? | | ??????# # #t # """""#????????????? | | ??????################## + """""#????????????? | | ???????????????????????# # """""#????????????? | | ???????????????????????# # """""#????????????? | | ???????????????????????#w # """""#????????????? | | ???????????????????????# # #????????????? | | ???????????????????????# ##########????????????? | | ???????????????????????# # #??????????????? | | ???????????????????????# ; #??????????????? | | ???????????????????????# # #??????????????? | | ???????????????????????# # """ #??????????????? | | ???????????????????????# # """ =#??????????????? | | ???????????????????????#k@ # """ #??????????????? | | ???????????????????????# ########??????????????? | | ???????????????????????# #?????????????????????? | | ??????????????????????#;[ ;?????????????????????? | | ????????????????????? h%* # ????????????????????? | | ??????????????????? ! # ???????????????????? | | ?????????????????? #? ???????????????????? | | ????????????????# ########? ??????????????????? | | ????????????????# ??????????? ?????????????????? | | ????????????????# ?????????????##????????????????? | | ????????????????#????????????????????????????????? | | ?????????????????????????????????????????????????? | | ?????????????????????????????????????????????????? | | ?????????????????????????????????????????????????? | | ?????????????????????????????????????????????????? | | ?????????????????????????????????????????????????? | | ?????????????????????????????????????????????????? | | ?????????????????????????????????????????????????? | | ?????????????????????????????????????????????????? | | ?????????????????????????????????????????????????? | | ?????????????????????????????????????????????????? | | ?????????????????????????????????????????????????? | | ?????????????????????????????????????????????????? | | ?????????????????????????????????????????????????? | | ?????????????????????????????????????????????????? | +----------------------------------------------------+ Best States ------------- Heat Dissipation 31 Energy Generation 10 Energy Capacity 250 Matter Stores 300 Matter Capacity 300 Sight Range 16 Terrain Scan Density 110 Evasion (%) 55 Targeting Accuracy 8 Item Schematics ----------------- None Robot Schematics ------------------ None Fabricated ------------ Nothing Alien Tech Used ----------------- None Achievements -------------- System Compromised Unlikely Earthworm Challenges ------------ None Game ------ Seed TractorFlakJammer Manual? 0 Play Time 00:28:02 Cumulative 6.4 hours Start 2024.04.19 @ 15:23:05 End 2024.04.19 @ 19:42:38 Sessions 3 Manual Loads 0 Difficulty Rogue Special Mode None Game No. 7 Rogue 7 Adventurer 0 Explorer 0 Win Type - Total 0 Types 0/0/0/0/0/0/0/0/0 Lore% 11 Gallery% 11 Achievement% 13 Wizard Run 0 Options --------- Layout 1 ASCII 0 Keyboard 0 Movement Mouse Keybinds 0 Fullscreen 1 Font 24/Smallcaps Map View 50x35 Zoom Use 54% Tactical HUD 1 Map Filters NONE Filters NONE Steam 1 RUN: c1e24362-b51c-4c3d-a2b4-d1aeb9b266a6